[Event "Early-Titled-Tuesday-Blitz-September-05-2023"]
[Site "Chess.com"]
[Date "2023.09.05"]
[Round "8"]
[White "SCIM"]
[Black "Yerlan-Ra"]
[Result "0-1"]
[WhiteElo "2606"]
[BlackElo "2474"]
[TimeControl "180+1"]
[EndTime "9:27:58 PDT"]
[Termination "Yerlan-Ra won on time"]

1. d4 Nf6 2. c4 g6 3. Nc3 Bg7 4. e4 d6 5. f3 O-O 6. Bg5 Nbd7 7. Nh3 h6 8. Be3 c5 9. d5 Kh7 10. Nf2 a6 11. a4 Re8 12. Be2 Nf8 13. O-O e6 14.
Qd2 Rb8 15. a5 b6 16. axb6 Qxb6 17. Ra2 exd5 18. cxd5 a5 19. Rfa1 N6d7 20. Nfd1 Ba6 21. Bxa6 Qxa6 22. Rxa5 Qc4 23. R5a4 Qb3 24. R1a3 Qb6 25.
Ra6 Qc7 26. Ra7 Rb7 27. Rxb7 Qxb7 28. h4 Ne5 29. Qe2 Ra8 30. Qb5 Qc8 31. h5 Rb8 32. Qe2 gxh5 33. Ra7 Nfg6 34. f4 Ng4 35. Rxf7 Kg8 36.
Ra7 Nxe3 37. Nxe3 Nxf4 38. Qf3 Be5 39. Nc4 Bd4+ 40. Kh2 Qg4 41. Qxg4+ hxg4 42. Nxd6 Rxb2 43.
Nf5 Rxg2+ 44. Kh1 Rg1+ 45. Kh2 g3+ 46. Nxg3 Rg2+ 47. Kh1 Rxg3 48. Nb5 Be5 49. d6 Nh3 50.
Kh2 Nf2 51. d7 Ng4+ 52. Kh1 Bf6 53. Ra8+ Kf7 54. d8=Q Bxd8 55. Rxd8 h5 56. Rd5 h4 57. Rxc5 h3 58. Rc1 h2 59. Rf1+ Ke6 60. Nd4+ Ke5 61.
Nf5 Rd3 62. Nh4 Kxe4 63. Re1+ Kf4 64. Ng2+ Kg3 65. Rf1 Rd1 0-1

[Event "Early-Titled-Tuesday-Blitz-September-05-2023"]
[Site "Chess.com"]
[Date "2023.09.05"]
[Round "8"]
[White "nss13"]
[Black "GamayevOleg"]
[Result "1-0"]
[WhiteElo "2549"]
[BlackElo "2594"]
[TimeControl "180+1"]
[EndTime "9:27:58 PDT"]
[Termination "nss13 won on time"]

1. e4 e5 2. Nf3 Nc6 3. Bb5 a6 4.
Ba4 Nf6 5. O-O Be7 6. Re1 b5 7. Bb3 d6 8. c3 O-O 9. h3 Na5 10. Bc2 c5 11. d4 Qc7 12. d5 c4 13. b4 cxb3 14. axb3 Bd7 15. Ba3 Rfc8 16. Nxe5 Be8 17. Nf3 Nb7 18. Re3 Bf8 19. Nbd2 Nc5 20. Nd4 a5 21. Bb2 g6 22. b4 axb4 23. cxb4 Na4 24. Bxa4 bxa4 25. Nc6 Bg7 26. Rxa4 Bxc6 27. dxc6 Qxc6 28.
Rxa8 Qxa8 29. Qb3 Qb7 30. Rd3 Ne8 31. Bxg7 Kxg7 32. Kh2 Rb8 33. Qb2+ Kg8 34. Rb3 Qb5 35. Qd4 Rc8 36. Nf3 Rc2 37. Rc3 Rxc3 38. Qxc3 Qb7 39. Qd4 Ng7 40. Qxd6 Qxe4 41. Qb8+ Ne8 42. b5 Kg7 43. b6 Nf6 44. b7 Nd7 45. Qc7 Qe8 46. Qxd7 Qxd7 47. b8=Q f6 48. Qb6 h5 49. h4 Qg4 50. Qe3 Qa4 51. g3 Qa8 52. Kg2 Qb7 53.
Qe6 Qa8 54. Qe7+ Kh6 55. Qxf6 Kh7 56. Qf7+ Kh6 57. Qf4+ Kh7 58. Kh2 Qb7 59. Ng5+ Kg7 60. Qf3 Qe7 61. Kg2 Qd7 62. Qe4 Kh6 63. Qe6 Qb7+ 64.
Nf3 Qc7 65. Qf6 1-0

[Event "Early-Titled-Tuesday-Blitz-September-05-2023"]
[Site "Chess.com"]
[Date "2023.09.05"]
[Round "8"]
[White "mishanick"]
[Black "Sibelephant"]
[Result "0-1"]
[WhiteElo "3068"]
[BlackElo "3162"]
[TimeControl "180+1"]
[EndTime "9:27:59 PDT"]
[Termination "Sibelephant won on time"]

1. d4 d5 2. c4 c6 3. Nf3 Nf6 4. Nc3 e6 5. e3 Nbd7 6. Be2 b6 7.
O-O Bb7 8. a4 Bb4 9. cxd5 cxd5 10. Bd2 O-O 11. Qb3 Qe7 12. Rfc1 Rfc8 13. Nb5 Bxd2 14.
Nxd2 a6 15. Nc3 a5 16. Nb5 g6 17. Nf3 Ba6 18. Nd2 Ne8 19. h3 Kg7 20. Rxc8 Rxc8 21. Na7 Rc7 22. Bxa6 Rxa7 23. Bd3 Rc7 24. Nf3 Nd6 25.
Qa3 Kf8 26. Kf1 Nc4 27. Qxe7+ Kxe7 28. Rb1 f6 29. Ke2 Nd6 30. Nd2 e5 31. f3 exd4 32.
exd4 Nf8 33. Ke3 Ne6 34. Nb3 f5 35. g3 Kf6 36. h4 Nc4+ 37. Kf2 f4 38. g4 h6 39. Ke2 Ne3 40. Rg1 Kg7 41. Kd2 Rc8 42. Rh1 Rc7 43. Rg1 g5 44. hxg5 Nxg5 45. Ke2 Re7 46. Rc1 Nxg4+ 47. Kd1 Nf2+ 48. Kc2 Rc7+ 49. Kd2 Rxc1 50. Nxc1 Nxf3+ 51. Ke2 Nxd3 52. Kxd3 Kf6 53. Ne2 Kf5 54. Nc3 h5 55. Nxd5 h4 56. Ke2 Nxd4+ 57. Kf2 h3 58. Nxb6 f3 59. Kg3 Ke4 60. Nc4 Kd3 61.
Ne5+ Ke2 62. Ng4 h2 63. Nxh2 f2 64. Kf4 Nf3 0-1

[Event "Early-Titled-Tuesday-Blitz-September-05-2023"]
[Site "Chess.com"]
[Date "2023.09.05"]
[Round "8"]
[White "Gauravthegm"]
[Black "karinachess1"]
[Result "1-0"]
[WhiteElo "2427"]
[BlackElo "2565"]
[TimeControl "180+1"]
[EndTime "9:28:08 PDT"]
[Termination "Gauravthegm won on time"]

1. e4 e5 2. Nf3 Nc6 3. Bc4 Nf6 4. d3 h6 5. Nc3 d6 6. h3 g5 7. Be3 Bg7 8. Qd2 Be6 9. Bxe6 fxe6 10. d4 exd4 11.
Nxd4 Qd7 12. O-O-O a6 13. f3 O-O-O 14. Qe2 Nh5 15.
Qc4 Nxd4 16. Bxd4 Bxd4 17. Qxd4 Nf4 18. Qa7 Qc6 19. g3 Ng6 20. Rhf1 Rhf8 21. Ne2 e5 22. Nc3 Ne7 23. Rd3 Qb6 24. Qxb6 cxb6 25. Rfd1 Kc7 26.
Ne2 Rf6 27. f4 Rff8 28. f5 Ng8 29. Rc3+ Kb8 30. Rcd3 Kc7 31. Nc3 Nf6 32. g4 b5 33. a3 b6 34. Nd5+ Nxd5 35. Rxd5 Rf6 36. Kd2 Kc6 37. Ke3 Rc8 38. c3 Re8 39. Kf3 Kc7 40.
Kg3 Rc8 41. h4 gxh4+ 42. Kxh4 Rg8 43. Rg1 Kc6 44. Rd3 Rff8 45. Rgd1 Rf6 46. Rh3 Rg5 47.
Kg3 Kc5 48. b3 Kc6 49. Rdh1 Rf8 50. Rxh6 Rfg8 51. R1h4 a5 52. R6h5 R5g7 53. Kf3 Kc5 54.
Rh6 d5 55. exd5 Kxd5 56. Rxb6 e4+ 57. Kf4 Re7 58. Rxb5+ Kc6 59. Rxa5 e3 60. Rh1 e2 61.
Re1 Rd8 62. Kf3 Rd3+ 63. Kf2 Rxc3 64. Ra6+ Kb5 65. Re6 Rg7 66. R1xe2 Rxg4 67. R2e5+ Rc5 68. Rxc5+ Kxc5 69. Kf3 Rg1 70. f6 Re1 71. Rxe1 1-0

[Event "Early-Titled-Tuesday-Blitz-September-05-2023"]
[Site "Chess.com"]
[Date "2023.09.05"]
[Round "8"]
[White "onnoelgersma"]
[Black "LeoLV10"]
[Result "1/2-1/2"]
[WhiteElo "2583"]
[BlackElo "2496"]
[TimeControl "180+1"]
[EndTime "9:28:10 PDT"]
[Termination "Game drawn - insufficient material"]

1. c3 Nf6 2. d4 g6 3. Nd2 d5 4. e3 Bg7 5. Bd3 O-O 6. f4 c5 7. Ngf3 Nc6 8. O-O e6 9. Ne5 Nd7 10. Ndf3 cxd4 11. exd4 f6 12. Nxc6 bxc6 13. b3 c5 14. Ba3 Qc7 15. Qe2 Re8 16. Bb5 a6 17. Bxd7 Bxd7 18. Bxc5 e5 19. fxe5 fxe5 20. Qf2 e4 21.
Ne5 Be6 22. b4 Rac8 23. Qe2 Qb7 24. a3 Rc7 25. Rf2 Qc8 26. Raf1 Bf5 27. h3 h5 28. Qe3 Kh7 29. g4 hxg4 30. hxg4 Bxg4 31. Rf7 Rxf7 32.
Rxf7 Bh5 33. Nd7 Kg8 34. Qf4 e3 35. Bd6 e2 36. Rxg7+ Kxg7 37. Be5+ Rxe5 38. Qxe5+ Kh7 39. Nf6+ Kh6 40. Nxh5 gxh5 41. Qxe2 Qxc3 42. Qe6+ Kg7 43. Qe5+ Kg6 44. Qd6+ Kh7 45. Qd7+ Kg6 46. Qxd5 Qa1+ 47.
Kg2 Qb2+ 48. Kf1 Qc1+ 49. Ke2 Qb2+ 50. Kf3 Qxa3+ 51. Ke4 Qxb4 52. Qg8+ Kf6 53. Qh8+ Kg5 54. Qg7+ Kh4 55. Qf6+ Kg4 56. Qf4+ Kh3 57. Qg5 h4 58.
Qe3+ Kh2 59. Qf2+ Kh3 60. Qf3+ Kh2 61. Ke5 Qe7+ 62. Kf4 Qf7+ 63. Kg4 Qd7+ 64. Kxh4 Qxd4+ 65. Kg5 Qe5+ 66. Kg4 Qe6+ 67. Kh5 Qe8+ 68. Kh6 Qh8+ 69. Kg6 Qg8+ 70. Kh5 Qh8+ 71. Kg5 Qg7+ 72. Kh4 Qh6+ 73.
Kg4 Qg6+ 74. Kh4 Qh6+ 75. Kg4 Qe6+ 76. Kh4 Qc4+ 77. Kg5 Qc5+ 78. Kh4 Qd4+ 79. Kh5 Qe5+ 80. Kg6 Qg3+ 81. Qxg3+ Kxg3 82. Kf5 Kf3 83. Ke5 Ke3 84. Kd5 Kd3 85. Kc5 Kc3 86. Kb6 Kb4 87. Kxa6 1/2-1/2

[Event "Early-Titled-Tuesday-Blitz-September-05-2023"]
[Site "Chess.com"]
[Date "2023.09.05"]
[Round "8"]
[White "HajiyevKanan"]
[Black "Irina_Mikhaylova"]
[Result "1-0"]
[WhiteElo "2468"]
[BlackElo "2310"]
[TimeControl "180+1"]
[EndTime "9:28:12 PDT"]
[Termination "HajiyevKanan won by resignation"]

1. d4 Nf6 2. Nf3 g6 3. b3 Bg7 4. Bb2 O-O 5. e3 d5 6. Be2 c5 7.
O-O cxd4 8. Nxd4 Nc6 9. c4 Nxd4 10. Bxd4 dxc4 11. Bxc4 Bf5 12. Nc3 Ne4 13. Bxg7 Kxg7 14. Nxe4 Bxe4 15. Qg4 Bf5 16. Qf3 Qb6 17. Rfd1 Rad8 18.
a4 a5 19. h4 Qc6 20. Bd5 Qf6 21.
e4 Be6 22. Qg3 Bxd5 23. exd5 Rxd5 24. Rxd5 Qxa1+ 25. Kh2 Rc8 26. Rxa5 Rc1 27. Qe5+ Qxe5+ 28. Rxe5 Rc7 29. Rb5 Kf8 30. h5 Ke8 31. g4 Kd8 32. Kg3 Kc8 33. Kf4 f6 34. f3 Rc3 35. Ke4 Kc7 36. f4 e6 37. a5 Rc1 38. Rb6 Re1+ 39.
Kf3 Kc8 40. Kf2 Re4 41. Kf3 Re1 42. h6 Kc7 43. g5 fxg5 44. fxg5 e5 45. b4 e4+ 46.
Kf2 Rb1 47. Ke3 Rg1 48. Rb5 Kc6 49. Rc5+ Kd6 50. Kxe4 Re1+ 51. Kf4 Rf1+ 52. Kg4 Rg1+ 53. Kh4 Rh1+ 54. Kg3 Rg1+ 55. Kf2 Rg4 56. Rb5 Kc6 57. Rc5+ Kd6 58. Rb5 Kc6 59. Rb6+ Kc7 60. Rf6 Rxg5 61. Rf7+ Kc6 62. Rxh7 Rh5 63. Rh8 Kb5 64. h7 Kxb4 65.
a6 bxa6 66. Rb8+ Ka3 67. h8=Q Rxh8 68. Rxh8 a5 69. Rb8 a4 70. Ke2 Ka2 71. Kd2 a3 72. Kc2 Ka1 73. Ra8 Ka2 74. Kc3 g5 75. Kb4 Kb2 76.
Rxa3 g4 77. Rg3 1-0

[Event "Early-Titled-Tuesday-Blitz-September-05-2023"]
[Site "Chess.com"]
[Date "2023.09.05"]
[Round "8"]
[White "blitzo_vich"]
[Black "Der_Balak_3Halak"]
[Result "1-0"]
[WhiteElo "2621"]
[BlackElo "2422"]
[TimeControl "180+1"]
[EndTime "9:28:14 PDT"]
[Termination "blitzo_vich won by checkmate"]

1. c4 e5 2. Nc3 Bb4 3. Nd5 Be7 4. g3 c6 5. Nxe7 Nxe7 6. Bg2 d5 7. cxd5 cxd5 8.
Nf3 Nd7 9. O-O O-O 10. b3 f6 11.
Ba3 Re8 12. Rc1 Qa5 13. Bxe7 Rxe7 14. Ne1 Nb6 15. d4 e4 16. Nc2 Qxa2 17. Ne3 Be6 18. Ra1 Qb2 19. Ra5 Rc7 20. Qa1 Qxa1 21. Rfxa1 a6 22.
f3 f5 23. Bh3 g6 24. fxe4 dxe4 25. b4 Rd8 26. Rc5 Rcd7 27. Nc2 Bb3 28. e3 Nd5 29.
Ra3 b6 30. Rxb3 bxc5 31. bxc5 a5 32. Bf1 Kg7 33. Bc4 Ne7 34. Rb6 Ra7 35. Kf2 a4 36.
Na3 Nd5 37. Bxd5 Rxd5 38. Ke2 Rdd7 39. c6 Rd8 40. Nb5 Ra5 41. c7 Rc8 42. Nd6 a3 43. Rb1 a2 44. Ra1 Rxc7 45. Ne8+ Kh6 46. Nxc7 Ra3 47. Nd5 Kg5 48. Nb4 Kg4 49. Rxa2 Rb3 50. Nc2 g5 51. Ne1 f4 52. gxf4 gxf4 53. exf4 Kxf4 54.
d5 Re3+ 55. Kf2 Rh3 56. Ng2+ Ke5 57. Rd2 e3+ 58. Nxe3 Rxh2+ 59. Ke1 Rh1+ 60. Ke2 Rh6 61. Ng4+ Kf4 62. Nxh6 Kg5 63. d6 Kxh6 64. d7 Kg6 65. d8=Q h5 66. Rd6+ Kf5 67. Qf6+ Kg4 68. Rd4+ Kh3 69.
Qf3+ Kh2 70. Rh4+ Kg1 71. Rh1# 1-0

[Event "Early-Titled-Tuesday-Blitz-September-05-2023"]
[Site "Chess.com"]
[Date "2023.09.05"]
[Round "8"]
[White "ashwanitiwari"]
[Black "emeli_chess"]
[Result "0-1"]
[WhiteElo "2202"]
[BlackElo "2373"]
[TimeControl "180+1"]
[EndTime "9:28:15 PDT"]
[Termination "emeli_chess won by resignation"]

1. b3 e5 2. Bb2 Nc6 3. e3 a6 4.
d4 exd4 5. exd4 d5 6. Nf3 Bg4 7. h3 Bh5 8. Bd3 Nf6 9. O-O Be7 10. Nbd2 O-O 11. a3 Bg6 12. Bxg6 hxg6 13. Re1 Bd6 14. c4 b6 15. Qc2 Qd7 16. Ne5 Bxe5 17. dxe5 Nh7 18.
cxd5 Qxd5 19. Nf3 Rfd8 20. Rac1 Na5 21. e6 Nxb3 22. Qxc7 f6 23. Qf7+ Kh8 24. Rc7 Rg8 25.
Bxf6 Nxf6 26. Qxg6 Qh5 27. Qc2 Nc5 28. Ne5 Rge8 29.
g4 Qxh3 30. Qg6 Qh7 31. Qf7 Nxe6 32. Ng6+ Qxg6 33. Qxg6 Nxc7 34. Rc1 Ncd5 35. g5 Nh7 36. Qh5 Nf4 37. Qd1 Ne2+ 38. Kg2 Nxc1 39. Qxc1 Rac8 40. Qh1 Kg8 41. g6 Nf6 42. Qb1 b5 43. Qf5 Rc4 44. Qd3 Rce4 45. Qb3+ R4e6 46. Qh3 Kf8 47. Qh8+ Ng8 48.
Qh5 Rf6 49. Qc5+ Ne7 50. Qa7 Rxg6+ 51. Kf1 Rf6 52. Qd7 Ng6 53. Qd4 Ne5 54. Qc5+ Re7 55. Qc8+ Kf7 56. Qb8 g5 57. Qh8 Ng6 58. Qh7+ Ke6 59. Qg8+ Ref7 60. Qc8+ Ke7 61. Qc7+ Kf8 62. Qd8+ Kg7 63. Qd3 Rxf2+ 64. Ke1 Rf1+ 65. Qxf1 Rxf1+ 66. Kxf1 Kf6 67. Ke2 Kf5 0-1

[Event "Early-Titled-Tuesday-Blitz-September-05-2023"]
[Site "Chess.com"]
[Date "2023.09.05"]
[Round "8"]
[White "Athanasios2"]
[Black "Rsnr"]
[Result "1-0"]
[WhiteElo "2708"]
[BlackElo "2899"]
[TimeControl "180+1"]
[EndTime "9:28:19 PDT"]
[Termination "Athanasios2 won by resignation"]

1. Nf3 d5 2. c4 d4 3. b4 g5 4. Bb2 Bg7 5. h3 e5 6. d3 h6 7.
Nbd2 Ne7 8. g3 f5 9. Bg2 O-O 10. Qc2 a5 11. b5 c5 12. bxc6 Nbxc6 13. Ba3 Re8 14. Rb1 Ng6 15. Rb5 Qf6 16. Nh2 Kh7 17. O-O h5 18. Rfb1 h4 19. g4 Nf4 20.
e3 Ne2+ 21. Kh1 Nc3 22. gxf5 Bxf5 23. Rxb7 Nxb1 24. Rxb1 Rab8 25. Ne4 Qg6 26. Rg1 Bh6 27. Qd2 dxe3 28. fxe3 Rbd8 29. Qe2 Nb4 30. Bxb4 axb4 31.
Rf1 Rf8 32. Rb1 Rb8 33. Qd2 g4 34. hxg4 Bxg4 35. Nf2 Bf5 36. Rg1 Qb6 37. Nhg4 Bg5 38. Be4 Qg6 39. Bxf5 Qxf5 40. Ne4 Be7 41. Qh2 Qf3+ 42.
Qg2 Qxg2+ 43. Rxg2 Rf5 44. Rb2 Ra8 45. Kh2 Ra3 46. Rd2 Rf3 47. Kg2 Rf5 48. Kh3 Kg6 49.
Kg2 Kf7 50. Nh6+ Ke6 51. Nxf5 Kxf5 52. Kf3 Ke6 53. c5 Kd5 54. Rc2 Rxd3 55. c6 Bd8 56. c7 Bxc7 57. Rxc7 Ra3 58. Rc5+ Ke6 59. Rb5 Rxa2 60. Rxb4 h3 61. Rb6+ Kd5 62. Rd6+ Kc4 63. Rh6 h2 64. Nf2 e4+ 65. Kg3 Re2 66. Ng4 Kd3 67. Kf4 Rg2 68. Nxh2 Rf2+ 69. Kg3 Kxe3 70. Ng4+ 1-0

[Event "Early-Titled-Tuesday-Blitz-September-05-2023"]
[Site "Chess.com"]
[Date "2023.09.05"]
[Round "8"]
[White "WPWPWP-2015"]
[Black "FREDERICKtheMATE"]
[Result "1/2-1/2"]
[WhiteElo "2555"]
[BlackElo "2536"]
[TimeControl "180+1"]
[EndTime "9:28:27 PDT"]
[Termination "Game drawn - insufficient material"]

1. e4 c5 2. Nf3 Nc6 3. d4 cxd4 4. Nxd4 Nf6 5. Nc3 e5 6. Ndb5 d6 7. Bg5 a6 8. Na3 b5 9. Bxf6 gxf6 10. Nd5 Bg7 11. c3 O-O 12. Bd3 Ne7 13. Nxe7+ Qxe7 14. Qh5 f5 15. exf5 e4 16. Bc2 b4 17. Nb1 bxc3 18.
Nxc3 Rb8 19. O-O-O Bb7 20. Qg4 d5 21. Bb3 d4 22.
Rxd4 h5 23. Qg3 Kh8 24. f6 Qxf6 25. Rd6 Qf5 26. Rhd1 Rfc8 27. Bc2 Ba8 28. R1d4 Kh7 29. Qe3 Bxd4 30. Qh6+ Kg8 31. Rxd4 Rc6 32. Qe3 Re6 33. Bb3 Rg6 34. Nd5 Qg5 35. Qxg5 Rxg5 36. g3 Bxd5 37. Bxd5 Re8 38. Bxe4 Rc5+ 39. Kd2 Kg7 40. b3 Kf6 41. f3 Re6 42. Rd7 Re7 43. Rd6+ Re6 44.
Rd7 Ree5 45. Rd8 Ke7 46. Rh8 Re6 47. Rh7 Rd6+ 48. Ke3 Rc3+ 49. Kf4 Rf6+ 50. Ke5 Re6+ 51. Kf4 Rc5 52. Rh8 Rf6+ 53. Ke3 Rd6 54. Ra8 Kf6 55. Ra7 Kg7 56. g4 hxg4 57. fxg4 Rd1 58. Bf5 Re1+ 59. Kd4 Rc6 60. Rb7 Rh6 61. h3 Rxh3 62. Rb6 Rh6 63. Rb7 Rd6+ 64. Kc5 Rf6 65. a4 Rc1+ 66. Kb4 Rf1 67. a5 R1xf5 68. gxf5 Rxf5 69.
Rb6 Rf6 70. Kc5 Rg6 71. b4 f5 72. b5 axb5 73. a6 Rg1 74. Kxb5 Ra1 75. Kc6 f4 76. Kb7 f3 77. Rb4 f2 78. Rg4+ Kh6 79. Rf4 f1=Q 80. Rxf1 Rxf1 81. a7 Rb1+ 82. Kc7 Ra1 83. Kb7 Rxa7+ 84. Kxa7 1/2-1/2

[Event "Early-Titled-Tuesday-Blitz-September-05-2023"]
[Site "Chess.com"]
[Date "2023.09.05"]
[Round "8"]
[White "DefiantChair"]
[Black "Cambek64"]
[Result "1/2-1/2"]
[WhiteElo "2640"]
[BlackElo "2516"]
[TimeControl "180+1"]
[EndTime "9:28:38 PDT"]
[Termination "Game drawn - insufficient material"]

1. e4 e6 2. d4 d5 3. Nd2 c5 4. exd5 Qxd5 5. Ngf3 cxd4 6. Bc4 Qd8 7. O-O Nf6 8. Nb3 Nc6 9. Nbxd4 Nxd4 10. Nxd4 a6 11. Re1 Qc7 12. Qe2 Be7 13. Bg5 O-O 14. Rad1 b5 15. Bb3 Bb7 16. Nxe6 Qc6 17. Nf4 Bd6 18. Nd5 Rae8 19. Be3 Be5 20. c3 Qc8 21. Nxf6+ Bxf6 22. Bd5 Bxd5 23. Rxd5 Re6 24. Red1 Rfe8 25. Qd3 h6 26. h3 Qc6 27. Rd6 Qa8 28. Rxe6 Rxe6 29. Qf5 b4 30. cxb4 Bxb2 31. Qd5 Qxd5 32. Rxd5 Rc6 33. Bc5 Ba3 34. Rd3 Bb2 35. Rb3 Be5 36. Be3 Rc2 37. Ra3 Rb2 38.
g3 Rxb4 39. Rxa6 Bd4 40. Bxd4 Rxd4 41. a4 Rd1+ 42. Kg2 Ra1 43. Kf3 Kh7 44. Ra7 f6 45. h4 Kg6 46. Kf4 h5 47. f3 Ra3 48. g4 hxg4 49.
fxg4 Ra1 50. h5+ Kh6 51. a5 Rf1+ 52. Ke4 Rg1 53. Kf3 Rf1+ 54. Kg2 Rf4 55. Kg3 Ra4 56. Kh4 g6 57. hxg6 Kxg6 58. Kg3 f5 59. Ra6+ Kg5 60.
gxf5 Kxf5 61. Ra8 Ke5 62. a6 Kd5 63. a7 Kc6 64. Kf3 Kb7 65. Rh8 Rxa7 66. Rh7+ Kb6 67. Rxa7 Kxa7 1/2-1/2

[Event "Early-Titled-Tuesday-Blitz-September-05-2023"]
[Site "Chess.com"]
[Date "2023.09.05"]
[Round "8"]
[White "ArtemDyachuk"]
[Black "zverr1"]
[Result "0-1"]
[WhiteElo "2560"]
[BlackElo "2494"]
[TimeControl "180+1"]
[EndTime "9:28:49 PDT"]
[Termination "zverr1 won by checkmate"]

1. e4 c5 2. Nf3 d6 3. d4 cxd4 4. Nxd4 Nf6 5. Nc3 a6 6. h3 e5 7. Nde2 h5 8. g3 Be7 9. Bg2 b5 10. a4 b4 11. Nd5 Nxd5 12. Qxd5 Ra7 13. Be3 Be6 14. Qd2 Rd7 15. O-O d5 16. exd5 Bxd5 17. Qe1 Nc6 18. Rd1 O-O 19. c4 Bxc4 20. Bxc6 Rxd1 21.
Qxd1 Qxd1 22. Rxd1 Bxe2 23. Rd7 Bf6 24. Bd5 Rd8 25.
Bxf7+ Kh7 26. Rd2 Rxd2 27. Bxd2 a5 28. Be3 Bd8 29. Bd5 Bd3 30. f3 Bc2 31. Be4+ Bxe4 32. fxe4 b3 33. Kf2 Be7 34. Ke2 Ba3 35. Bc1 Bb4 36. Kd3 Kg6 37. h4 Be1 38. Kc4 Bxg3 39. Bg5 Bf4 40. Bd8 Bc1 41. Kxb3 Bd2 42. Kc4 Be1 43. Kb5 Kf7 44. Kc6 Ke6 45. b3 Bd2 46. Kb5 g5 47. hxg5 h4 48. Bb6 h3 49. Bg1 Kf7 50.
Bh2 Bf4 51. Bg1 Bd2 52. Bh2 Bc3 53. Kc4 Bd4 54. b4 axb4 55. a5 Kg6 56. a6 Kxg5 57.
Kxb4 Kg4 58. Kc4 Kf3 59. Kd5 Kg2 60. Bxe5 Bxe5 61. a7 h2 62. a8=Q Bg3 63. Qa2+ Bf2 64.
Qc2 h1=Q 65. e5 Kg3+ 66. Qe4 Qd1+ 67. Ke6 Qb3+ 68. Qd5 Qb6+ 69. Kf5 Qb1+ 70. Ke6 Qg6+ 71. Kd7 Qg7+ 72. Kc6 Qg6+ 73. Kd7 Qf5+ 74. Kc6 Qc2+ 75. Kd7 Qf5+ 76. Kc6 Qc2+ 77. Kb7 Qb2+ 78. Kc8 Qd4 79. Qg8+ Kf4 80. e6 Qc5+ 81. Kd7 Qd5+ 82. Ke8 Qc6+ 83. Kf7 Qd5 84. Qe8 Bc5 85. Qd7 Qf5+ 86. Ke8 Qf8# 0-1

[Event "Early-Titled-Tuesday-Blitz-September-05-2023"]
[Site "Chess.com"]
[Date "2023.09.05"]
[Round "8"]
[White "benny_aizenberg"]
[Black "malakismayil"]
[Result "0-1"]
[WhiteElo "2647"]
[BlackElo "2536"]
[TimeControl "180+1"]
[EndTime "9:28:50 PDT"]
[Termination "malakismayil won by resignation"]

1. g4 e5 2. g5 d5 3. h4 Nc6 4. d3 h6 5. Bg2 Be7 6. Nf3 Bg4 7. Nc3 Qd7 8. h5 O-O-O 9. g6 fxg6 10. hxg6 Nf6 11. Nh2 Bf5 12. Rg1 Kb8 13. Nxd5 Nxd5 14. e3 Nf6 15. e4 Be6 16. Be3 Bb4+ 17. c3 Ba5 18. Ke2 Bb6 19. Qc2 Bxe3 20. fxe3 Rhf8 21. Raf1 Ne7 22. b3 Nxg6 23. d4 Nh4 24. Bh1 exd4 25. exd4 g5 26. e5 Nd5 27. Kd2 Nf4 28. Kc1 Bd5 29. Kb2 Bxh1 30. Rxh1 Nf5 31. Ng4 h5 32.
Nf6 Rxf6 33. exf6 Ne3 34. Qe4 Nxf1 35. Rxf1 Rf8 36. Qe5 Ne6 37. Qf5 b6 38. d5 Nc5 39. Qxg5 Qh3 40. Rf5 Qh2+ 41. Ka3 Qd6 42. Qe3 Nd7+ 43. b4 Rxf6 44. Rxh5 Rf8 45. Rh7 Nf6 46.
Rh6 Nxd5 47. Rxd6 Nxe3 48. Re6 Nc4+ 49. Kb3 Nd6 50. Re5 Rf3 51. Rd5 Kb7 52. Rd4 b5 53. a4 a6 54. axb5 axb5 55. Rd5 Kb6 56. Rc5 Nc4 57. Kc2 Rf2+ 58. Kd3 Rd2+ 59. Ke4 Rd1 60. Rh5 Nd6+ 61. Ke3 Rc1 62. Kd2 Rg1 63. Kc2 Kc6 64. Kd3 Rg3+ 65. Kc2 Kb6 66. Rh4 Nc4 67. Rh5 c6 68. Rh4 Ne3+ 69. Kd2 Nd5 70. c4 Nxb4 71. cxb5 Kxb5 72. Rh5+ c5 73. Rh4 Rd3+ 74. Ke2 Rd4 75. Rh8 Kc4 76. Ke3 Nd5+ 77. Ke2 Nc3+ 78. Ke3 Rd3+ 79.
Kf2 Nd5 80. Ke2 Rd4 81. Ke1 Kc3 82. Rh3+ Rd3 83. Rh5 c4 84. Rh8 Nb4 85. Rc8 Kb3 86. Ke2 Rd6 87. Ke1 c3 88. Ke2 c2 89. Ke3 Rc6 0-1

[Event "Early-Titled-Tuesday-Blitz-September-05-2023"]
[Site "Chess.com"]
[Date "2023.09.05"]
[Round "8"]
[White "slidingknight2775"]
[Black "Gareth-Bale11"]
[Result "0-1"]
[WhiteElo "2571"]
[BlackElo "2779"]
[TimeControl "180+1"]
[EndTime "9:29:04 PDT"]
[Termination "Gareth-Bale11 won by resignation"]

1. d4 g6 2. c4 Bg7 3. Nf3 d6 4. Nc3 Nf6 5. Bg5 O-O 6. e3 c5 7. Be2 Nc6 8. O-O h6 9. Bh4 cxd4 10.
exd4 g5 11. Bg3 Nh5 12. d5 Nxg3 13. hxg3 Ne5 14. Nxe5 Bxe5 15. Qd2 Qb6 16. Bd3 Qd4 17. Rad1 Bg4 18. Bh7+ Kxh7 19. Qxd4 Bxd4 20. Rxd4 Bf5 21. g4 Bg6 22. f3 Kg7 23. Re1 Kf6 24. Ne4+ Bxe4 25. Rdxe4 Rfe8 26. Kf2 Rac8 27. Rh1 Kg6 28. Rhe1 Rc7 29. b3 a6 30. a4 b5 31. axb5 axb5 32.
Ra1 bxc4 33. bxc4 Rb8 34. Rae1 Kf6 35. Rh1 Rb2+ 36. Kg3 Rc2 37. Rxh6+ Kg7 38. Rh5 Kg6 39. Rh8 R2xc4 40. Rg8+ Kf6 41. Re1 Rc1 42. Re2 Rd1 43.
Rh8 Rxd5 44. Rh6+ Kg7 45. Rh5 f6 46. Re1 Rd2 47. Reh1 Kf7 48. Rh7+ Ke8 49. Re1 Rd5 50. Re2 Kd8 51. Rh8+ Kd7 52. Rh7 Re5 53. Rxe5 dxe5 54. Rh8 Rc3 55. Kf2 Rc2+ 56. Kg3 e4 57. fxe4 Rc3+ 58. Kf2 Rc4 59. Kf3 Ke6 60. Ra8 Rc3+ 61. Kf2 Ke5 62. Ra7 e6 63. Ra6 Rd3 64. Rb6 Rd4 65. Kf3 Rd3+ 66. Kf2 Rc3 67. Ra6 Rb3 68. Rc6 Rb2+ 69. Kf3 Ra2 70. Rb6 Rc2 71. Rb5+ Kd4 72. Rb6 Rc3+ 73. Kf2 Ke5 74. Ke2 Rg3 75. Kf2 Rxg4 76.
Kf3 Rf4+ 77. Kg3 Rxe4 78. Kf3 Rf4+ 79. Ke3 Rc4 80. Kf3 Rc3+ 81. Kf2 Kf5 82. Rb5+ e5 83.
Rb6 g4 84. g3 Rf3+ 85. Kg2 Kg5 86. Rb8 Rc3 87. Rg8+ Kf5 88. Rb8 Rc2+ 89. Kg1 Ke4 90. Rb6 f5 91. Rb3 Rd2 92. Kf1 Rd3 93. Rb4+ Kf3 94.
Ke1 Kxg3 95. Ke2 Rf3 96. Rb5 Rf2+ 97. Ke3 f4+ 98. Ke4 Re2+ 99. Kf5 f3 100. Rb3 e4 101. Rb4 Kg2 102. Kxg4 f2 103. Rxe4 Rxe4+ 0-1

[Event "Early-Titled-Tuesday-Blitz-September-05-2023"]
[Site "Chess.com"]
[Date "2023.09.05"]
[Round "9"]
[White "KNVB"]
[Black "whiteglovethief"]
[Result "1-0"]
[WhiteElo "2766"]
[BlackElo "2513"]
[TimeControl "180+1"]
[EndTime "9:36:48 PDT"]
[Termination "KNVB won by resignation"]

1. d4 Nf6 2. Bf4 c5 3. e3 d5 4.
c3 Nc6 5. Nd2 e6 6. Ngf3 Bd6 7.
Bg3 O-O 8. Bd3 b6 9. e4 dxe4 10. Nxe4 Nxe4 11. Bxe4 Bb7 12. dxc5 Bxc5 13. Qa4 Qe8 14.
Bxh7+ Kxh7 15. Qh4+ Kg6 16. Qg5+ 1-0

[Event "Early-Titled-Tuesday-Blitz-September-05-2023"]
[Site "Chess.com"]
[Date "2023.09.05"]
[Round "9"]
[White "Dixit_Nikhil"]
[Black "DefiantChair"]
[Result "0-1"]
[WhiteElo "2511"]
[BlackElo "2645"]
[TimeControl "180+1"]
[EndTime "9:37:31 PDT"]
[Termination "DefiantChair won by resignation"]

1. a3 c5 2. h3 e5 3. b3 d5 4. Bb2 Nc6 5. g3 f5 6. Bg2 Nf6 7. d3 Bd6 8. e3 e4 9. Ne2 Qe7 10.
Nd2 Ne5 11. d4 cxd4 12. Nxd4 a6 13. c4 Nd3+ 14. Ke2 Nxb2 15. Qc2 Nd3 16. b4 Be5 17. c5 Bxd4 18. exd4 f4 19. gxf4 Nxf4+ 20. Kf1 Nxg2 21. Kxg2 O-O 22. Nf1 Nh5 23. Nd2 0-1

[Event "Early-Titled-Tuesday-Blitz-September-05-2023"]
[Site "Chess.com"]
[Date "2023.09.05"]
[Round "9"]
[White "Bauman_Guy"]
[Black "hurricane7791"]
[Result "1-0"]
[WhiteElo "2873"]
[BlackElo "2707"]
[TimeControl "180+1"]
[EndTime "9:37:55 PDT"]
[Termination "Bauman_Guy won by resignation"]

1. e4 c5 2. Nf3 d6 3. d4 cxd4 4. Nxd4 Nf6 5. Nc3 a6 6. h3 e5 7. Nde2 h5 8. Bg5 Be6 9. Nc1 Nbd7 10. Be2 Be7 11. Nb3 Rc8 12. O-O h4 13. Kh1 Rxc3 14.
bxc3 Nxe4 15. Bxe7 Qxe7 16. Bf3 Ndf6 17. Qe1 d5 18. c4 O-O 19. cxd5 Bxd5 20. Rd1 Bc6 21. Na5 Ng5 22. Bxc6 bxc6 23. Nxc6 Qc5 24. Qxe5 Qxc6 25. Qxg5 Re8 26. Qxh4 Re2 27. Rfe1 Rxe1+ 28. Rxe1 Qxc2 29. a4 a5 30. Qd4 Qc7 31. Re5 1-0

[Event "Early-Titled-Tuesday-Blitz-September-05-2023"]
[Site "Chess.com"]
[Date "2023.09.05"]
[Round "9"]
[White "knightinshiningarmour16"]
[Black "maurovargas01"]
[Result "1-0"]
[WhiteElo "2115"]
[BlackElo "1868"]
[TimeControl "180+1"]
[EndTime "9:38:07 PDT"]
[Termination "knightinshiningarmour16 won by checkmate"]

1. d4 d5 2. Nf3 Bg4 3. Ne5 Bh5 4. g4 Bg6 5. h4 f6 6. Nxg6 hxg6 7. Qd3 Kf7 8. h5 Nh6 9. Qxg6+ Kg8 10. Bh3 Nc6 11.
g5 fxg5 12. Be6+ Nf7 13. Bxf7# 1-0

[Event "Early-Titled-Tuesday-Blitz-September-05-2023"]
[Site "Chess.com"]
[Date "2023.09.05"]
[Round "9"]
[White "Andrej2004"]
[Black "RobertoJBM"]
[Result "0-1"]
[WhiteElo "2563"]
[BlackElo "2795"]
[TimeControl "180+1"]
[EndTime "9:38:18 PDT"]
[Termination "RobertoJBM won by resignation"]

1. Nf3 d5 2. b3 Bg4 3. Bb2 Nd7 4. d4 e6 5. g3 Ngf6 6. Bg2 Bd6 7. O-O O-O 8. c4 c6 9. Nc3 Qe7 10. h3 Bxf3 11. Bxf3 Ba3 12. Bxa3 Qxa3 13. Qd3 Rfd8 14. e4 dxe4 15. Nxe4 Nxe4 16. Qxe4 Nf6 17. Qh4 Rd7 18. g4 Rad8 19. g5 Rxd4 20. Qg3 Ne8 21. h4 Qd6 22. Qh3 Qf4 23. Rad1 g6 24. Kg2 Ng7 25.
h5 Qxg5+ 26. Kh1 Rh4 0-1